 Dungeon Crawl Stone Soup version 0.30-a0-728-gc68057be0a (webtiles) character file.

Game seed: 18032548816757598461

28 Yawgmoth the Insei (level 3, -2/27 HPs)
             Began as a Djinni Transmuter on Jan 31, 2023.
             Slain by a gnoll
             ... wielding a +0 whip
              (9 damage)
             ... on level 2 of the Dungeon.
             The game lasted 00:04:19 (997 turns).

Yawgmoth the Insei (Djinni Transmuter)               Turns: 997, Time: 00:04:19

Health: -2/27      AC:  2    Str:  9    XL:     3   Next: 30%
Gold:   69         EV: 12    Int: 16    God:
                   SH:  0    Dex: 13

rFire   + + .      SeeInvis .      - Unarmed
rCold   x . .      Faith    .    (no shield)
rNeg    . . .      Spirit   .    a - +0 robe
rPois   ∞          Reflect  .    (no helmet)
rElec   .          Harm     .    (no cloak)
rCorr   .          Rampage  .    (no gloves)
Will    .....                    (boots unavailable)
Stlth   +                        (no amulet)
HPRegen 0.24/turn                (no ring)
MPRegen 0.00/turn                (no ring)

@: flying, very slightly contaminated
A: sickness immunity, fire resistance 2, cold vulnerability 1, float, innate
caster, HP casting, extra vitality 1
a: no special abilities


You were on level 2 of the Dungeon.
You visited 1 branch of the dungeon, and saw 2 of its levels.

You collected 69 gold pieces.

Inventory:

Hand Weapons
 e - a +1 dagger of pain
   (You found it on level 1 of the Dungeon)
Armour
 a - a +0 robe (worn)
 c - a +0 scale mail
   (You found it on level 1 of the Dungeon)
 d - a +0 ring mail
   (You found it on level 1 of the Dungeon)
 l - a +0 robe
   (You found it on level 1 of the Dungeon)
 n - a +0 leather armour
   (You found it on level 1 of the Dungeon)
 p - a +0 ring mail
   (You found it on level 2 of the Dungeon)
Magical Staves
 o - a staff of fire {rF+}
   (You found it on level 1 of the Dungeon)
Jewellery
 j - a ring of ice {rC+, rF-}
   (You found it on level 1 of the Dungeon)
Scrolls
 f - a scroll of identify {unknown}
 h - a scroll of vulnerability {unknown}
 m - a scroll of poison {unknown}
 q - a scroll of teleportation {unknown}
Potions
 b - 2 potions of lignification {!q}
 g - a potion of brilliance {unknown}
 i - 3 potions of curing {unknown}
 k - a potion of resistance {unknown}


   Skills:
 + Level 1.6 Fighting
 + Level 2.7 Dodging
 + Level 3.3 Unarmed Combat
 + Level 1.9 Spellcasting


You couldn't memorise any spells.
You knew the following spells:

 Your Spells              Type           Power      Damage    Failure   Level
a - Beastly Appendage     Tmut           14%        N/A       10%         1
b - Wereblood             Tmut           7%         N/A       14%         2
c - Spider Form           Tmut/Pois      7%         N/A       28%         3
d - Ice Form              Ice/Tmut       7%         N/A       67%         4
e - Summon Small Mammal   Summ           28%        N/A       10%         1
Your spell library was empty.

Dungeon Overview and Level Annotations

Branches:
Dungeon (2/15)

Altars:


Innate Abilities, Weirdness & Mutations

You are immune to sickness and miasma.
You are immune to poison.
Your flesh is very heat resistant. (rF++)
You are vulnerable to cold. (rC-)
You float through the air rather than walking.
You learn spells naturally, not from books.
Your magical power is your life essence.
You have superior vitality. (+4 MHP)


Message History

You barely miss the frilled lizard. The frilled lizard misses you.
You closely miss the frilled lizard.
Your transformation is almost over.
The frilled lizard completely misses you.
You hit the frilled lizard.
The frilled lizard bites you but does no damage.
You hit the frilled lizard.
You kill the frilled lizard!
No target in view!
No target in view!
Your horns disappear.
You see here a frilled lizard corpse.
A giant cockroach comes into view.
Health restored: 27 You closely miss the giant cockroach.
The giant cockroach closely misses you.
You closely miss the giant cockroach. The giant cockroach barely misses you.
You hit the giant cockroach. The giant cockroach closely misses you.
You hit the giant cockroach but do no damage.
The giant cockroach bites you but does no damage.
You barely miss the giant cockroach. The giant cockroach misses you.
You hit the giant cockroach but do no damage.
The giant cockroach closely misses you.
You hit the giant cockroach but do no damage.
The giant cockroach closely misses you. x2
You hit the giant cockroach. The giant cockroach bites you.
You take 1 damage, and have 26/27 hp.
You hit the giant cockroach.
You kill the giant cockroach!
No target in view!
No target in view!
Found an escape hatch in the floor.
Health restored: 27
There is an escape hatch in the floor here.
You reach down and open the door.
Found an escape hatch in the ceiling.
There is an open door here.
There is an escape hatch in the ceiling here.
You reach down and open the door.
There is an open door here.
b - 2 potions of lignification {!q} (gained 1)
You reach down and open the door.
Found a stone staircase leading down.
There is an open door here.
There is a stone staircase leading down here.
There is an open door here.
You reach down and open the door.
There is an open door here.
A ball python comes into view.
The ball python hisses angrily.
You grow a pair of large bovine horns.
The ball python closely misses you. The ball python grabs you.
The ball python constricts you.
You take 1 damage, and have 26/27 hp.
You barely miss the ball python. Your headbutt misses the ball python.
The ball python bites you. The ball python constricts you.
You take 2 damage, and have 24/27 hp.
You closely miss the ball python. Your headbutt misses the ball python.
The ball python bites you but does no damage.
The ball python constricts you.
You hit the ball python. The ball python bites you.
The ball python constricts you.
You take 2 damage, and have 22/27 hp.
You hit the ball python.
You kill the ball python!
No target in view!
Your transformation is almost over.
Your horns disappear. 2 gnolls come into view.
A gnoll is wielding a +2 flail of protection.
The gnoll shouts! x2; You hear a shout!
The gnoll moves out of view.
Health restored: 27 A gnoll is nearby!
The gnoll hits you with a +0 whip.
A gnoll comes into view. It is wielding a +0 whip.
You take 3 damage, and have 24/27 hp.
The gnoll attacks as you move away! The gnoll barely misses you.
Okay, then.
Unknown command.
The spell is extremely dangerous to miscast (28% risk of failure)!
Continue anyway?
You miscast Spider Form.
You are very lightly contaminated with residual magic.
Nothing appears to happen.
A gnoll comes into view. It is wielding a +0 spear.
You take 3 damage, and have 21/27 hp.
The gnoll attacks as you move away!
The gnoll hits you with a +2 flail of protection.
The gnoll shouts!
You take 5 damage, and have 16/27 hp.
The gnoll attacks as you move away! The gnoll hits you with a +0 whip.
You take 2 damage, and have 14/27 hp.
The gnoll attacks as you move away! The gnoll closely misses you.
You miscast Beastly Appendage.
Nothing appears to happen.
The gnoll hits you with a +0 whip!
* * * LOW HITPOINT WARNING * * *
You take 7 damage, and have 7/27 hp.
MASSIVE DAMAGE!!
The gnoll attacks as you move away! The gnoll barely misses you.
The gnoll attacks as you move away! The gnoll hits you with a +0 whip!
You die...

############ ##.^........#
#...........# #...........#
#.##'######## ## ######.##.#
#########.. #......##.#
#.@gg.g.#.#
#......##.###.####g##.#
##......#...........g#.#.####
#.................).g........
##..............####..#.#.####
#...##......########..#.#
'....+......'.........#.#
#...##......####......#.#
#...##########.#.######.#


You could see 4 gnolls.

Vanquished Creatures
  A dart slug (D:1)
  A ball python (D:2)
  An endoplasm (D:1)
  2 giant cockroaches
  A goblin (D:1)
  A hobgoblin (D:1)
  2 jackals (D:1)
  4 quokkas (D:1)
  2 bats (D:1)
  4 frilled lizards
  A kobold (D:1)
  5 rats (D:1)
25 creatures vanquished.

Notes
Turn   | Place    | Note
-------+----------+-------------------------------------------
     0 | D:1      | Yawgmoth the Djinni Transmuter began the quest for the Orb.
     0 | D:1      | Yawgmoth set off with the following spells memorised:
                  | Beastly Appendage, Wereblood, Spider Form, Ice Form.
     0 | D:1      | Reached XP level 1. HP: 17/17 MP: 0/0
    60 | D:1      | HP: 2/17 [quokka (5)]
   143 | D:1      | Found a faded altar of an unknown god.
   150 | D:1      | Reached XP level 2. HP: 16/22 MP: 0/0
   564 | D:1      | Reached XP level 3. HP: 27/27 MP: 0/0
   564 | D:1      | Learned a level 1 spell: Summon Small Mammal
   997 | D:2      | Slain by a gnoll

Illustrated notes

Levels and vault maps discovered:
D:1:      kennysheep_arrival_forest, layout_rooms,
          hellmonk_ecumenical_altar_zigzags
D:2:      kennysheep_big_flooded_room, layout_basic

Action                     || total
---------------------------++-------
  Melee: Unarmed           ||    82
         Headbutt          ||     3
         Punch             ||     1
   Cast: Beastly Appendage ||    14
 Armour: Robe              ||    14
  Dodge: Dodged            ||    67

Table legend: (Time is in decaauts)
 A = Elapsed time spent in this place.
 B = Non-inter-level travel time spent in this place.
 C = Inter-level travel time spent in this place.
 D = Time resting spent in this place.
 E = Time spent auto-exploring this place.
 F = Levels seen in this place.
 G = Mean time per level.
                   A        B        C        D        E       F      G
               +--------+--------+--------+--------+--------+-----+--------+
         Total |    991 |    968 |     23 |    212 |    564 |   2 |  495.5 |
       Dungeon |    991 |    968 |     23 |    212 |    564 |   2 |  495.5 |
               +--------+--------+--------+--------+--------+-----+--------+

Top non-repeatable levels by time:
     D:1: 731 daAuts
     D:2: 260 daAuts

Table legend:
 A = Kills in this place as a percentage of kills in entire the game.
 B = Kills by you in this place as a percentage of kills by you in the entire game.
 C = Kills by friends in this place as a percentage of kills by friends in the entire game.
 D = Other kills in this place as a percentage of other kills in the entire game.
 E = Experience gained in this place as a percentage of experience gained in the entire game.
 F = Experience gained in this place divided by the number of levels of this place that you have seen.
                   A       B       C       D       E      F
               +-------+-------+-------+-------+-------+----------------------
         Total | 100.0 | 100.0 |   N/A |   N/A | 100.0 |  20.5
       Dungeon | 100.0 | 100.0 |   N/A |   N/A | 100.0 |  20.5
               +-------+-------+-------+-------+-------+----------------------
